 Dungeon Crawl Stone Soup version 0.30-a0-737-gf23d94013f (webtiles) character file.

Game seed: 1324550044647916713

63 PyroL the Ruffian (level 3, -3/37 HPs)
             Began as a Troll Fighter on Feb 3, 2023.
             Slain by a gnoll
             ... wielding a +0 spear
              (6 damage)
             ... on level 2 of the Dungeon.
             The game lasted 00:01:55 (1183 turns).

PyroL the Ruffian (Troll Fighter)                   Turns: 1183, Time: 00:01:56

Health: -3/37      AC:  4    Str: 26    XL:     3   Next: 89%
Magic:  2/2        EV:  8    Int:  4    God:
Gold:   45         SH:  7    Dex:  9    Spells: 2/2 levels left

rFire   . . .      SeeInvis .      - Unarmed
rCold   . . .      Faith    .    b - +0 kite shield
rNeg    . . .      Spirit   .    a - +0 robe
rPois   .          Reflect  .    (helmet restricted)
rElec   .          Harm     .    (no cloak)
rCorr   .          Rampage  .    (gloves unavailable)
Will    .....                    (boots unavailable)
Stlth   +                        (no amulet)
HPRegen 1.06/turn                (no ring)
MPRegen 0.08/turn                (no ring)

@: no status effects
A: large, unfitting armour, claws 3, regeneration 1, shaggy fur 1, tough skin 1
a: no special abilities


You were on level 2 of the Dungeon.
You visited 1 branch of the dungeon, and saw 2 of its levels.

You collected 45 gold pieces.

Inventory:

Missiles
 j - 5 poisoned darts (quivered)
Armour
 a - a +0 robe (worn)
 b - a +0 kite shield (worn)
Scrolls
 d - 2 scrolls of identify {unknown}
 e - a scroll of fear {unknown}
 h - 2 scrolls of teleportation {unknown}
 k - a scroll of acquirement {unknown}
 l - a scroll of poison {unknown}
Potions
 c - a potion of might
 f - 3 potions of curing {unknown}
 g - a potion of heal wounds {unknown}
 i - a potion of cancellation {unknown}


   Skills:
 + Level 3.0 Fighting
 - Level 2.4 Dodging
 - Level 2.6 Shields
 * Level 3.6 Unarmed Combat


You had 2 spell levels left.
You didn't know any spells.
Your spell library was empty.

Dungeon Overview and Level Annotations

Branches:
Dungeon (2/15)

Altars:


Innate Abilities, Weirdness & Mutations

You are too large for most types of armour.
You have claws for hands.
Your natural rate of healing is unusually fast.
You are covered in fur. (AC +1)
You have tough skin. (AC +1)


Message History

A ball python comes into view.
Found 6 gold pieces.
The ball python hisses angrily.
The ball python bites you but does no damage.
You claw the ball python!
You kill the ball python!
No target in view!
No target in view!
You now have 45 gold pieces (gained 6).
An adder comes into view.
An adder is nearby!
Found a scroll labelled ULOAQ SAR VINA.
Found a stone staircase leading down.
Found 13 gold pieces.
The adder hisses angrily.
A gnoll comes into view. It is wielding a +0 halberd.
The gnoll shouts!
You hear a shout!
A gnoll comes into view. It is wielding a +0 spear.
The gnoll shouts!
The adder barely misses you.
You mangle the adder!!
You kill the adder!
A gnoll comes into view. It is wielding a +0 spear.
The gnoll hits you from afar with a +0 halberd.
Your Fighting skill increases to level 3!
The gnoll barely misses you. The gnoll hits you with a +0 halberd.
The gnoll hits you from afar with a +0 spear.
You barely miss the gnoll. The gnoll hits you with a +0 halberd!
* * * LOW HITPOINT WARNING * * *
The gnoll hits you from afar with a +0 spear!
* * * LOW HITPOINT WARNING * * *
You are too injured to fight recklessly!
You are too injured to fight recklessly!
The gnoll closely misses you.
Found 5 poisoned darts.
There is a stone staircase leading up here.
The gnoll hits you from afar with a +0 halberd!
* * * LOW HITPOINT WARNING * * *
The gnoll hits you from afar with a +0 spear.
You die...

#..........#.....
#................ ..
#####.###....##.####.### ##
................>...(.. ....
##.##.####)........#.###....
#...)..<).................####
####.#####................?....
..................g......##..##
..##.##.........@.g..#........#
...#.............##............
......#........................
....#.#.........#.........>....
....#.#..................?.....
....#.#.........###............
....#.####....#####............
......# #...### ....#..........
...†### #.#.# #..###......$...


You could see 2 gnolls.

Vanquished Creatures
  2 adders (D:2)
  A dart slug (D:2)
  3 endoplasms (D:1)
  2 giant cockroaches (D:1)
  2 goblins
  5 hobgoblins
  4 jackals (D:1)
  4 quokkas
  7 ball pythons
  4 bats (D:1)
  2 frilled lizards (D:1)
  3 kobolds
  A rat (D:2)
40 creatures vanquished.

Notes
Turn   | Place    | Note
-------+----------+-------------------------------------------
     0 | D:1      | PyroL the Troll Fighter began the quest for the Orb.
     0 | D:1      | Reached XP level 1. HP: 22/22 MP: 0/0
   421 | D:1      | Reached XP level 2. HP: 29/29 MP: 1/1
   799 | D:1      | Reached XP level 3. HP: 36/36 MP: 2/2
  1183 | D:2      | Slain by a gnoll

Illustrated notes

Levels and vault maps discovered:
D:1:      minmay_arrival_widening_spiral_narrow, layout_loops_corners,
          serial_glass, glass_columns_a, glass_columns_b, glass_columns_a,
          glass_columns_b, glass_columns_a, glass_columns_a, nrook_uturn,
          corexii_leaking_fountain
D:2:      layout_rooms, nicolae_ecumenical_snake_handling,
          uniq_crazy_yiuf_cottage

Skill      XL: |  1  2  3 |
---------------+----------+-----
Unarmed Combat | 3 |  3.6
Fighting       | 3 |  3.0
Dodging        | |  2.4
Shields        | |  2.6

Action                     || total
---------------------------++-------
  Melee: Unarmed           ||    99
 Armour: Robe              ||    37
  Dodge: Dodged            ||    24
  Block: Kite shield       ||    37

Table legend: (Time is in decaauts)
 A = Elapsed time spent in this place.
 B = Non-inter-level travel time spent in this place.
 C = Inter-level travel time spent in this place.
 D = Time resting spent in this place.
 E = Time spent auto-exploring this place.
 F = Levels seen in this place.
 G = Mean time per level.
                   A        B        C        D        E       F      G
               +--------+--------+--------+--------+--------+-----+--------+
         Total |   1190 |   1163 |     27 |      0 |    906 |   2 |  595.0 |
       Dungeon |   1190 |   1163 |     27 |      0 |    906 |   2 |  595.0 |
               +--------+--------+--------+--------+--------+-----+--------+

Top non-repeatable levels by time:
     D:1: 1055 daAuts
     D:2: 134 daAuts
